 Dungeon Crawl Stone Soup version 0.21-a0-404-g291f19a (webtiles) character file.

279 DocClef the Shield-Bearer (level 6, 0/53 HPs)
             Began as a Gnoll Fighter on Oct 31, 2017.
             Slain by a gnoll
             ... wielding a +0 halberd
              (6 damage)
             ... on level 4 of the Dungeon.
             The game lasted 00:01:51 (1314 turns).

DocClef the Shield-Bearer (Gnoll Fighter)           Turns: 1314, Time: 00:01:51

Health: 0/53       AC:  9    Str: 20    XL:     6   Next: 26%
Magic:  8/8        EV:  9    Int: 16    God:
Gold:   83         SH: 11    Dex: 14    Spells: 8/8 levels left

rFire    . . .     SeeInvis .   a - +0 flail
rCold    . . .     Gourm    .   c - +0 shield
rNeg     . . .     Faith    .   b - +0 scale mail
rPois    .         Spirit   .   i - +0 helmet
rElec    .         Reflect  .   (no cloak)
rCorr    .         Harm     .   (no gloves)
MR       .....                  (no boots)
Stlth    +.........             (no amulet)
HPRegen  0.17/turn              (no ring)
MPRegen  0.11/turn              (no ring)

@: brilliant
A: distributed training, fangs 1, strong nose
a: no special abilities


You were on level 4 of the Dungeon.
You were hungry.

You visited 1 branch of the dungeon, and saw 3 of its levels.

You collected 83 gold pieces.

Inventory:

Hand Weapons
 a - a +0 flail (weapon)
Missiles
 d - 3 tomahawks (quivered)
Armour
 b - a +0 scale mail (worn)
 c - a +0 shield (worn)
 i - a +0 helmet (worn)
Scrolls
 e - a scroll of fog {unknown}
 g - a scroll of noise {unknown}
 j - a scroll of magic mapping {unknown}
 l - a scroll of teleportation {unknown}
 o - a scroll of enchant armour {unknown}
 s - a scroll of identify {unknown}
Potions
 k - a potion of berserk rage {unknown}
 p - a potion of lignification {unknown}
 q - 2 potions of curing {unknown}
Comestibles
 f - a bread ration
 m - a royal jelly
 n - a meat ration
 r - 4 fruits
 t - 10 chunks of flesh


   Skills:
 + Level 6.8 Fighting
 + Level 1.8 Short Blades
 + Level 1.8 Long Blades
 + Level 1.8 Axes
 + Level 4.9 Maces & Flails
 + Level 1.8 Polearms
 + Level 1.8 Staves
 + Level 1.8 Slings
 + Level 1.8 Bows
 + Level 1.8 Crossbows
 + Level 1.8 Throwing
 + Level 6.8 Armour
 + Level 1.8 Dodging
 + Level 1.8 Stealth
 + Level 6.8 Shields
 + Level 1.8 Unarmed Combat
 + Level 1.8 Spellcasting
 + Level 1.4 Conjurations
 + Level 1.4 Hexes
 + Level 1.4 Charms
 + Level 1.4 Summonings
 + Level 1.4 Necromancy
 + Level 1.4 Translocations
 + Level 1.4 Transmutations
 + Level 1.4 Fire Magic
 + Level 1.4 Ice Magic
 + Level 1.4 Air Magic
 + Level 1.4 Earth Magic
 + Level 1.4 Poison Magic
 + Level 2.0 Invocations
 + Level 1.8 Evocations


You had 8 spell levels left.
You didn't know any spells.

Dungeon Overview and Level Annotations

Branches:
Dungeon (2/15)

Altars:


Innate Abilities, Weirdness & Mutations

Your experience applies equally to all skills.
You have very sharp teeth.
Your uncanny sense of smell can sniff out nearby items.


Message History

a club; a spear You hit the gnoll but do no damage.
Your bite misses the gnoll. You block the gnoll's attack.
You hit the gnoll.
The gnoll is moderately wounded.
The gnoll hits you with a halberd!
* * * LOW HITPOINT WARNING * * *
You hit the gnoll but do no damage.
The gnoll is moderately wounded.
You block the gnoll's attack.
You barely miss the gnoll.
The gnoll is moderately wounded.
You block the gnoll's attack.
You hit the gnoll but do no damage.
The gnoll is moderately wounded.
The gnoll barely misses you.
You hit the gnoll but do no damage.
The gnoll is moderately wounded.
The gnoll hits you with a halberd.
You die...

#. #.# #.# ##
#.# #.#
....###.####.#
#......[...#
#####.######
#.# #.#
##########.#
)......@)..#
#.####g##..#
#. #..# #.
#.... #.
##.### #. #.#
#. #$# #. .#


You could see a gnoll.

Vanquished Creatures
  A phantom (D:4)
  A hound (D:4)
  An orc priest (D:4)
  A worker ant (D:4)
  3 gnolls (D:4)
  3 adders
  An ooze (D:2)
  A dart slug (D:1)
  2 leopard geckos
  3 orcs (D:4)
  6 bats
  6 hobgoblins
  8 jackals
  4 kobolds
  A quokka (D:2)
  2 frilled lizards
  4 goblins
  6 rats
54 creatures vanquished.

Notes
Turn   | Place    | Note
-------+----------+-------------------------------------------
     0 | D:1      | DocClef the Gnoll Fighter began the quest for the Orb.
     0 | D:1      | Reached XP level 1. HP: 23/23 MP: 1/1
   135 | D:1      | Reached XP level 2. HP: 16/29 MP: 2/2
   711 | D:1      | Reached XP level 3. HP: 35/35 MP: 3/3
  1081 | D:2      | Reached skill level 1 in Invocations
  1146 | D:2      | Reached skill level 1 in Short Blades
  1146 | D:2      | Reached skill level 1 in Long Blades
  1146 | D:2      | Reached skill level 1 in Axes
  1146 | D:2      | Reached skill level 1 in Polearms
  1146 | D:2      | Reached skill level 1 in Staves
  1146 | D:2      | Reached skill level 1 in Slings
  1146 | D:2      | Reached skill level 1 in Bows
  1146 | D:2      | Reached skill level 1 in Crossbows
  1146 | D:2      | Reached skill level 1 in Throwing
  1146 | D:2      | Reached skill level 1 in Dodging
  1146 | D:2      | Reached skill level 1 in Stealth
  1146 | D:2      | Reached skill level 1 in Unarmed Combat
  1146 | D:2      | Reached skill level 1 in Spellcasting
  1146 | D:2      | Reached skill level 1 in Evocations
  1168 | D:2      | You fall through a shaft for 2 floors!
  1186 | D:4      | Reached XP level 4. HP: 38/41 MP: 5/5
  1200 | D:4      | Reached skill level 1 in Conjurations
  1200 | D:4      | Reached skill level 1 in Hexes
  1200 | D:4      | Reached skill level 1 in Charms
  1200 | D:4      | Reached skill level 1 in Summonings
  1200 | D:4      | Reached skill level 1 in Necromancy
  1200 | D:4      | Reached skill level 1 in Translocations
  1200 | D:4      | Reached skill level 1 in Transmutations
  1200 | D:4      | Reached skill level 1 in Fire Magic
  1200 | D:4      | Reached skill level 1 in Ice Magic
  1200 | D:4      | Reached skill level 1 in Air Magic
  1200 | D:4      | Reached skill level 1 in Earth Magic
  1200 | D:4      | Reached skill level 1 in Poison Magic
  1207 | D:4      | Reached XP level 5. HP: 40/47 MP: 6/6
  1241 | D:4      | Noticed a phantom
  1259 | D:4      | Killed a phantom
  1291 | D:4      | Reached XP level 6. HP: 31/53 MP: 8/8
  1314 | D:4      | Slain by a gnoll

Vault maps used:
D:1:      dpeg_arrival_rooms_b
D:2:      kiku_gazebo_pond_becter, lemuel_crystal_altar
D:4:      first_bread, uniq_blork_the_orc

Skill      XL: |  1  2  3  4  5  6 |
---------------+-------------------+-----
Invocations    | 1 2 |  2.0
Short Blades   | 1 |  1.8
Long Blades    | 1 |  1.8
Axes           | 1 |  1.8
Polearms       | 1 |  1.8
Staves         | 1 |  1.8
Slings         | 1 |  1.8
Bows           | 1 |  1.8
Crossbows      | 1 |  1.8
Throwing       | 1 |  1.8
Dodging        | 1 |  1.8
Stealth        | 1 |  1.8
Unarmed Combat | 1 |  1.8
Spellcasting   | 1 |  1.8
Evocations     | 1 |  1.8
Conjurations   | 1 |  1.4
Hexes          | 1 |  1.4
Charms         | 1 |  1.4
Summonings     | 1 |  1.4
Necromancy     | 1 |  1.4
Translocations | 1 |  1.4
Transmutations | 1 |  1.4
Fire Magic     | 1 |  1.4
Ice Magic      | 1 |  1.4
Air Magic      | 1 |  1.4
Earth Magic    | 1 |  1.4
Poison Magic   | 1 |  1.4
Fighting       | |  6.8
Maces & Flails | |  4.9
Armour         | |  6.8
Shields        | |  6.8

Action                   |  1- 3 |  4- 6 || total
-------------------------+-------+-------++-------
Melee: Flail             |    98 |    63 ||   161
       Bite              |     9 |    11 ||    20
Throw: Tomahawk          |       |     3 ||     3
  Use: Potion            |       |     2 ||     2
  Eat: Chunk             |       |     1 ||     1
Armor: Scale mail        |    53 |    27 ||    80
Dodge: Dodged            |    25 |    30 ||    55
Block: Shield            |    65 |    52 ||   117

Table legend:
 A = Spawn XP
 B = Non-spawn XP
 C = Spawn XP percentage of total XP
 D = Spawn monster count
 E = Non-spawn monster count
 F = Spawn count percentage of total count
 G = Total turns spent on level
                    A         B        C        D         E        F      G
               +---------+---------+-------+---------+---------+-------+---------
         Total |       0 |     399 |   0.0 |       0 |      53 |   0.0 |  1314
               +---------+---------+-------+---------+---------+-------+---------
           D:1 |       0 |      35 |   0.0 |       0 |      21 |   0.0 |   978
           D:2 |       0 |      41 |   0.0 |       0 |      14 |   0.0 |   190
           D:4 |       0 |     323 |   0.0 |       0 |      18 |   0.0 |   146
               +---------+---------+-------+---------+---------+-------+---------
